 Dungeon Crawl Stone Soup version 0.23-a0-417-gf02c810 (webtiles) character file.

386424 kidcy the Sensei (level 22, -20/185 HPs)
             Began as a Demonspawn Gladiator on Nov 10, 2018.
             Was the Champion of Ashenzari.
             Demolished by the Royal Jelly (34 damage)
             ... on level 5 of the Pits of Slime.
             The game lasted 02:49:02 (62509 turns).

kidcy the Sensei (Demonspawn Gladiator)            Turns: 62509, Time: 02:49:03

Health: -20/185    AC: 15    Str: 23    XL:     22   Next: 1%
Magic:  0/22       EV: 22    Int: 19    God:    Ashenzari [******]
Gold:   1879       SH: 23    Dex: 22    Spells: 8/21 levels left

rFire    + + .     SeeInvis +     - Unarmed
rCold    + . .     Gourm    .   R - +2 large shield (curse)
rNeg     . . .     Faith    .   k - +4 fire dragon scales (curse)
rPois    +         Spirit   +   (no helmet)
rElec    .         Reflect  .   g - +2 cloak (curse)
rCorr    .         Harm     .   (gloves unavailable)
MR       +++..     Clarity  +   a - +0 pair of boots (curse)
Stlth    +.........             T - amulet of regeneration
HPRegen  0.80/turn              L - ring of Odghasof {rC+ Int+7} (curse)
MPRegen  0.36/turn              v - ring of the Mage {Wiz MR++ Int+3}

@: mighty, about to teleport, corroded, hasted, very quick
A: claws 3, talons 1, slimy green scales 3, camouflage 1, blurry vision 1, cold
resistance 1, powered by pain 3, magic shield, magic regeneration, freezing
cloud immunity
}: 2/15 runes: serpentine, barnacled
a: Curse Item, Scrying, Transfer Knowledge, Renounce Religion


You were on level 5 of the Pits of Slime.
You worshipped Ashenzari.
Ashenzari was exalted by your worship.
You were not hungry.

You visited 9 branches of the dungeon, and saw 44 of its levels.
You visited the Abyss 1 time.
You also visited: Labyrinth, Sewer, Ice Cave and Volcano.

You collected 3864 gold pieces.
You spent 1985 gold pieces at shops.

Inventory:

Missiles
 d - 11 throwing nets (quivered)
Armour
 a - a cursed +0 pair of boots (worn)
 b - +0 storm dragon scales
 c - a cursed +2 helmet
 g - a cursed +2 cloak (worn)
 k - cursed +4 fire dragon scales (worn)
 K - +0 ice dragon scales
 R - a cursed +2 large shield (worn)
 X - a scarf of cloud immunity
Jewellery
 h - an uncursed ring of protection from cold
 n - an uncursed ring of protection from fire
 v - the ring of the Mage (right claw) {Wiz MR++ Int+3}
   (You found it on level 1 of the Lair of Beasts)

   [ring of wizardry]

   It improves your spell success rate.
   It affects your intelligence (+3).
   It affects your resistance to hostile enchantments.
 L - the cursed ring of Odghasof (left claw) {rC+ Int+7}
   (You found it on level 10 of the Dungeon)

   [ring of protection from cold]

   It affects your intelligence (+7).
   It protects you from cold.
   It has a curse placed upon it.
 T - an amulet of regeneration (around neck)
Wands
 l - a wand of digging (20)
 q - a wand of iceblast (32)
 t - a wand of enslavement (17)
 z - a wand of flame (21)
 C - a wand of disintegration (35)
 G - a wand of scattershot (5)
 N - a wand of clouds (1)
 U - a wand of polymorph (24)
 W - a wand of paralysis (22)
 Y - a wand of acid (23)
Scrolls
 e - 9 scrolls of remove curse
 j - 2 scrolls of silence
 u - 2 scrolls of brand weapon
 x - 21 scrolls of identify
 y - 3 scrolls of enchant weapon
 A - 4 scrolls of fog
 B - 15 scrolls of magic mapping
 J - a scroll of enchant armour
 O - 5 scrolls of amnesia
Potions
 m - 7 potions of lignification
 o - 7 potions of brilliance
 p - 5 potions of curing
 r - 2 potions of invisibility
 w - 7 potions of flight
 H - a potion of magic
 I - 6 potions of haste
 P - a potion of resistance
 Q - 5 potions of agility
 V - a potion of ambrosia
Miscellaneous
 M - a box of beasts
 S - a phial of floods
Comestibles
 f - 29 rations


   Skills:
 + Level 18.4 Fighting
   Level 3.5 Maces & Flails
 - Level 2.0 Throwing
 * Level 13.7(16.3) Armour
 - Level 13.6(16.2) Dodging
 - Level 12.7(15.4) Shields
 * Level 22.0 Unarmed Combat


You had 8 spell levels left.
You knew the following spells:

 Your Spells              Type           Power        Failure   Level  Hunger
a - Statue Form           Tmut/Erth      #........    100%        6    #######
b - Dragon Form           Tmut           #.........   100%        7    #######

Your spell library contained the following spells:

 Spells                   Type           Power        Failure   Level  Hunger
 Animate Skeleton         Necr           N/A          50%         1    ##.....
 Beastly Appendage        Tmut           #.....       50%         1    ##.....
 Confusing Touch          Hex            #.....       50%         1    ##.....
 Flame Tongue             Conj/Fire      #....        50%         1    ##.....
 Freeze                   Ice            #...         50%         1    ##.....
 Magic Dart               Conj           #...         50%         1    ##.....
 Pain                     Necr           #...         50%         1    ##.....
 Sting                    Conj/Pois      #...         50%         1    ##.....
 Summon Small Mammal      Summ           #...         50%         1    ##.....
 Blink                    Tloc           N/A          63%         2    ###....
 Call Imp                 Summ           #.......     63%         2    ###....
 Ensorcelled Hibernation  Hex/Ice        #.....       63%         2    ###....
 Poisonous Vapours        Pois/Air       #.....       63%         2    ###....
 Slow                     Hex            #.......     63%         2    ###....
 Sticks to Snakes         Tmut           #.......     63%         2    ###....
 Throw Flame              Conj/Fire      #.....       63%         2    ###....
 Throw Frost              Conj/Ice       #.....       63%         2    ###....
 Call Canine Familiar     Summ           #.......     85%         3    ####...
 Confuse                  Hex            #.......     85%         3    ####...
 Conjure Flame            Conj/Fire      #.......     85%         3    ####...
 Gell's Gravitas          Tloc           #.........   85%         3    ####...
 Inner Flame              Hex/Fire       #.......     85%         3    ####...
 Mephitic Cloud           Conj/Pois/Air  #.......     85%         3    ####...
 Recall                   Summ/Tloc      N/A          85%         3    ####...
 Spider Form              Tmut/Pois      #.........   85%         3    ####...
 Summon Guardian Golem    Hex/Summ       #.......     85%         3    ####...
 Animate Dead             Necr           N/A          99%         4    #####..
 Ice Form                 Ice/Tmut       #.......     99%         4    #####..
 Olgreb's Toxic Radiance  Pois           #.......     99%         4    #####..
 Petrify                  Tmut/Erth      #.......     99%         4    #####..
 Sticky Flame             Conj/Fire      #.......     99%         4    #####..
 Summon Ice Beast         Ice/Summ       #.......     99%         4    #####..
 Summon Lightning Spire   Summ/Air       #.......     99%         4    #####..
 Aura of Abjuration       Summ           #.........   100%        5    ######.
 Blade Hands              Tmut           #.........   100%        5    ######.
 Borgnjor's Vile Clutch   Necr/Erth      #.........   100%        5    ######.
 Fireball                 Conj/Fire      #.........   100%        5    ######.
 Irradiate                Conj/Tmut      #.........   100%        5    ######.
 Metabolic Englaciation   Hex/Ice        #.........   100%        5    ######.
 Silence                  Hex/Air        #.........   100%        5    ######.
 Summon Demon             Summ           #.........   100%        5    ######.
 Summon Forest            Summ/Tloc      #.........   100%        5    ######.
 Summon Mana Viper        Hex/Summ       #.......     100%        5    ######.
 Venom Bolt               Conj/Pois      #.........   100%        5    ######.
 Yara's Violent Unravell  Hex/Tmut       #.........   100%        5    ######.
 Darkness                 Hex            #.........   100%        6    #######
 Freezing Cloud           Conj/Ice/Air   #.........   100%        6    #######
 Hydra Form               Tmut           #.........   100%        6    #######
 Ozocubu's Refrigeration  Ice            #.........   100%        6    #######
 Shadow Creatures         Summ           N/A          100%        6    #######
 Simulacrum               Ice/Necr       #.........   100%        6    #######


Dungeon Overview and Level Annotations

Branches:
Dungeon (15/15)            Temple (1/1) D:5            Lair (6/6) D:11
 Shoals (4/4) Lair:4        Snake (4/4) Lair:4        Slime (5/5) Lair:5
    Orc (2/2) D:9             Elf (0/3) Orc:2        Vaults (2/5) D:14
 Depths (5/5) D:15            Zot (0/5) Depths:5
  Crypt: Vaults:2-3

Altars:
Ashenzari
Elyvilon
Gozag
Hepliaklqana
Kikubaaqudgha
Qazlal
Sif Muna
Vehumet
Wu Jian
Xom
Yredelemnul
Zin
The Shining One
Beogh
Jiyva

Shops:
D:13 }   Orc:2 *!}:   Vaults:1 *   Depths:3 (=}}

Portals:
Hell: Depths:1 Depths:2 Depths:3 Depths:4 Depths:5
Abyss: Depths:1 Depths:4
Pandemonium: Depths:3
Ziggurat: Depths:3

Annotations:
D:5 3 runed doors, Jawreze's ghost, novice DsGl
D:11 3 runed doors, eyesofgods1's ghost, journeyman DsGl
D:12 1 runed door, Ratty's ghost, journeyman MiFi
D:15 1 runed door, BeetlePuke's ghost, adept DsVM
Shoals:1 exclusion: Roxanne, Roxanne
Slime:5 Royal Jelly
Vaults:2 Mennas
Depths:2 2 transporters
Depths:4 exclusion: obsidian statue


Innate Abilities, Weirdness & Mutations

You have claws for hands.
You are completely covered in slimy green scales. (AC +4, rPois)
Your flesh is cold resistant. (rC+)
You are powered by pain.
When hurt, damage is shared between your health and your magic reserves.
You regenerate magic rapidly.
You are immune to freezing clouds.
You have sharp toenails.
Your skin changes colour to match your surroundings (Stealth+).
Scrolls take you a little longer to read.


Message History

You block the acid blob's attack.
As you read the scroll of teleportation, it crumbles to dust.
You feel strangely unstable.
You feel much better. The Royal Jelly hits you.
* * * LOW HITPOINT WARNING * * *
The acid corrodes you!
You are splashed with acid!
The acid burns!
* * * LOW HITPOINT WARNING * * *
You block the Royal Jelly's attack.
A great orb of eyes comes into view.
You block the azure jelly's attack.
The azure jelly hits you but does no damage.
The azure jelly misses you.
The azure jelly hits you but does no damage.
The acid blob spits acid at you. The splash of acid hits you!
* * * LOW HITPOINT WARNING * * *
You are splashed with acid!
The acid burns!
* * * LOW HITPOINT WARNING * * *
You feel better. The Royal Jelly hits you!!
You die...

....................... ,
,, ,
.......................,,,
,, , ,
.......................,
,, ,
......................., ,
,,
..............JJ.......,,
,,,
..............#J#...#..
,,, ..........#####J#####
, , , ..........#*∆*#JJ#
∆* ,,, ,,,,,
........###∆∆∆##@#∆∆∆ *, ,
,,, .......## ∆∆∆*#JJ# ∆∆∆
*, ,,, .......#
∆∆∆∆!#.##∆∆∆∆∆ *,, ,
......#**∆∆|}##..##∆∆∆∆**
,, , ,, ,, *#$=#}##.#=#∆∆*
* , ,,,,, * ######..####
** , , , ,,
*,..#........#J{ *,, , , ,
, ,,,#...#..G.#...#, , , ,
, * * * * *** * ,, ,


You could see the Royal Jelly, 6 acid blobs, 2 azure jellies and a great orb of
eyes.

Vanquished Creatures
  Sojobo (Depths:4)
  Margery (Depths:5)
  A golden dragon (Depths:5)
  Jory (Depths:5)
  Rupert (Lair:3)
  A tentacled monstrosity (Depths:5)
  A lich (Depths:2)
  6 acid blobs
  2 krakens
  A tentacled starspawn (Abyss:1)
  A sphinx (shapeshifter) (Depths:4)
  4 storm dragons
  A shadow dragon (Depths:2)
  3 azure jellies
  4 tengu reavers
  9 nagarajas
  5 fire giants
  2 vault wardens
  3 frost giants
  A draconian knight (Depths:5)
  A ghoul (Vaults:2)
  A deep elf elementalist (Depths:2)
  A caustic shrike zombie (Depths:2)
  A draconian stormcaller (Depths:5)
  A spriggan defender (Depths:2)
  14 very ugly things
  2 ironheart preservers
  3 war gargoyles
  8 stone giants
  4 vampire knights
  3 green draconians (Depths:5)
  A white draconian (Depths:5)
  A spark wasp (shapeshifter) (Depths:4)
  A minotaur (Lab)
  A minotaur (shapeshifter) (Depths:4)
  A purple draconian (Depths:5)
  5 spark wasps
  The ghost of Jeis the Spear-Bearer, a journeyman CeWr of Nemelex Xobeh (Lair:5)
  2 red draconians (Depths:5)
  A yellow draconian (Depths:5)
  12 crystal guardians (Depths:4)
  Snorg (Lair:3)
  2 merfolk javelineers
  7 ettins
  5 fire dragons
  2 merfolk impalers
  An ice dragon (shapeshifter) (Depths:4)
  3 death oozes
  12 yaktaur captains
  8 great orbs of eyes
  Erolcha (D:9)
  3 rakshasas
  A quicksilver dragon skeleton (Depths:1)
  A hell beast (Depths:3)
  21 naga warriors
  4 hydras
  2 merfolk avatars
  12 ice dragons
  2 death knights
  9 merfolk aquamancers
  2 spriggan air magi
  6 anacondas
  A catoblepas (D:15)
  5 centaur warriors
  2 satyrs (Shoals:3)
  15 two-headed ogres
  12 dancing weapons (Depths:4)
  10 tengu warriors
  5 ogre magi
  5 deep troll shamans
  An alligator (shapeshifter) (Depths:4)
  8 deep troll earth magi
  2 thrashing horrors (Abyss:1)
  6 death yaks
  4 spriggan berserkers
  Urug (Lair:2)
  7 shock serpents
  3 orc high priests (Orc:2)
  A shock serpent (shapeshifter) (Depths:4)
  12 naga sharpshooters
  A storm dragon zombie (Abyss:2)
  2 large abominations
  A titan skeleton (Depths:2)
  3 soul eaters
  3 iron trolls
  A skeletal warrior (Vaults:2)
  2 wretched stars
  A sixfirhy (Abyss:1)
  A shadow wraith (D:14)
  11 hell knights
  2 fire crabs
  2 salamander mystics
  3 flayed ghosts
  17 deep trolls
  2 unseen horrors
  12 sea snakes
  4 wizards
  An orange crystal statue (D:13)
  5 glowing orange brains
  5 necromancers
  6 naga ritualists
  2 death drakes (shapeshifter)
  11 harpies
  3 lindwurms
  A shadow dragon zombie (Depths:2)
  2 obsidian statues (Depths:4)
  11 orc knights
  A harpy (shapeshifter) (Vaults:2)
  5 ironbrand convokers (Vaults:1)
  11 fauns
  3 shining eyes
  45 ugly things
  4 deep elf magi
  8 cyclopes
  A frost giant zombie (Abyss:1)
  A wolf spider (shapeshifter) (Depths:4)
  2 fire giant zombies
  6 mana vipers
  6 manticores
  4 orc sorcerers
  3 wolf spiders
  A black mamba (shapeshifter) (D:14)
  9 salamanders
  29 naga magi
  6 merfolk sirens
  2 rust devils
  26 black mambas
  6 torpor snails
  6 molten gargoyles
  3 vault sentinels
  3 water nymphs
  2 eyes of devastation
  An ice statue (IceCv)
  3 guardian serpents (Snake:1)
  4 spiny frogs
  6 centaur skeletons
  A storm dragon simulacrum (Depths:2)
  2 gargoyles
  A redback zombie (D:15)
  5 komodo dragons
  3 tengu conjurers
  An ice devil (Depths:3)
  45 yaktaurs
  2 freezing wraiths (Vaults:2)
  2 hellwings (Depths:1)
  2 ancient zymes
  6 red devils
  A queen bee (Lair:1)
  5 trolls
  A polar bear (shapeshifter) (Vaults:1)
  A harpy skeleton (D:13)
  18 merfolk
  3 meliai (D:13)
  25 polar bears
  6 wind drakes
  11 blink frogs
  3 tyrant leeches (Lair:6)
  5 raiju
  12 hornets
  5 hippogriffs
  8 snapping turtles
  A raiju (shapeshifter) (Vaults:1)
  42 slime creatures
  2 dream sheep (D:9)
  A deep troll zombie (Depths:1)
  Sigmund (D:4)
  10 air elementals (Depths:4)
  A shadow (D:15)
  11 water elementals
  A tarantella (shapeshifter) (Depths:3)
  A human (shapeshifter) (Depths:4)
  6 fire bats (Volcano)
  3 wraiths
  72 yaks
  4 fire elementals (Depths:4)
  An ettin skeleton (Depths:2)
  A chaos spawn (Abyss:1)
  A neqoxec (Abyss:1)
  4 golden eyes (Slime:1)
  A basilisk (Lair:6)
  6 vampire mosquitoes
  3 steam dragons (Volcano)
  An insubstantial wisp (Depths:4)
  A spriggan simulacrum (Depths:2)
  5 wargs
  49 nagas
  7 water moccasins
  15 hell hounds
  2 acid dragons
  A naga (shapeshifter) (Vaults:1)
  A floating eye (Depths:2)
  4 porcupines
  21 orc warriors
  6 sky beasts
  A black bear (shapeshifter) (Depths:3)
  3 ice beasts
  13 black bears
  4 eyes of draining
  An eye of draining (shapeshifter) (Vaults:1)
  4 phantoms
  2 necrophages (D:14)
  30 wolves
  15 ogres
  4 boggarts (Vaults:1)
  11 centaurs
  15 crocodiles
  4 big kobolds
  16 bullfrogs
  7 earth elementals (Depths:4)
  A glowing shapeshifter simulacrum (Depths:2)
  2 wyvern skeletons
  6 scorpions
  29 killer bees
  5 wights
  9 howler monkeys
  4 electric eels
  15 crimson imps
  4 centaur zombies
  2 bullfrog zombies
  8 hounds
  7 starcursed masses (Abyss:1)
  12 lava snakes
  A quasit (Depths:3)
  Crazy Yiuf (D:5)
  6 human zombies (D:14)
  14 orc priests
  5 jellies
  20 orc wizards
  Ijyb (D:3)
  2 human skeletons
  3 bullfrog skeletons
  6 iguanas
  4 small abominations (Abyss:1)
  13 worker ants
  3 killer bee zombies
  3 hound skeletons
  2 worker ant zombies
  6 gnolls
  9 adders
  5 shadow imps
  13 white imps
  9 oozes
  An adder zombie (D:9)
  4 worms
  2 dart slugs
  8 leopard geckos
  78 orcs
  13 bats
  2 bat zombies (D:2)
  6 giant cockroaches
  A goblin (shapeshifter) (Depths:4)
  13 goblins
  9 hobgoblins
  13 jackals
  A quokka (D:7)
  4 ball pythons
  5 frilled lizards
  A jackal skeleton (D:5)
  12 kobolds
  A leopard gecko skeleton (D:4)
  A leopard gecko zombie (D:5)
  14 rats
  A rat zombie (D:2)
  A plant (Lair:6)
  A tentacle (Shoals:3)
1653 creatures vanquished.

Vanquished Creatures (collateral kills)
  A slime creature (D:14)
  A wight (D:14)
2 creatures vanquished.

Vanquished Creatures (others)
  A fire giant (Depths:4)
  2 very ugly things (Depths:4)
  A naga warrior (Snake:4)
  3 dancing weapons (Depths:4)
  A tengu skeleton (Depths:1)
  An ugly thing (Depths:4)
  A hippogriff (shapeshifter) (Depths:2)
  A human (D:6)
  2 wolves (IceCv)
  A crimson imp (Depths:1)
  15 ball lightnings (Depths:4)
  7 fungi
  A lurking horror (Abyss:1)
  29 plants
  2 starspawn tentacles (Abyss:1)
  24 tentacles
  6 toadstools (D:2)
  2 withered plants (D:12)
100 creatures vanquished.

Grand Total: 1755 creatures vanquished

Notes
Turn   | Place    | Note
-------+----------+-------------------------------------------
     0 | D:1      | kidcy the Demonspawn Gladiator began the quest for the Orb.
     0 | D:1      | Reached XP level 1. HP: 16/16 MP: 1/1
   173 | D:1      | Gained mutation: You sometimes gain a little power by
                  | taking damage. [demonic ancestry]
   173 | D:1      | Reached XP level 2. HP: 13/22 MP: 2/2
  1040 | D:1      | Gained mutation: You are partially covered in slimy green
                  | scales. (AC +2) [demonic ancestry]
  1040 | D:1      | Reached XP level 3. HP: 26/28 MP: 3/3
  1472 | D:2      | Reached skill level 1 in Armour
  1785 | D:2      | Reached XP level 4. HP: 34/34 MP: 4/4
  2073 | D:2      | Found an ancient bone altar of Kikubaaqudgha.
  2230 | D:2      | Gained mutation: You have sharp fingernails. [demonic
                  | ancestry]
  2230 | D:2      | Reached XP level 5. HP: 33/41 MP: 5/5
  2432 | D:2      | HP: 1/41 [acid (5)]
  3367 | D:3      | Found a stormy altar of Qazlal.
  3476 | D:3      | Noticed Ijyb
  3519 | D:3      | Killed Ijyb
  3844 | D:4      | Noticed Sigmund
  3907 | D:4      | Gained mutation: When hurt, damage is shared between your
                  | health and your magic reserves. [demonic ancestry]
  3907 | D:4      | Reached XP level 6. HP: 36/47 MP: 6/6
  4048 | D:4      | Found the +8 whip "Snakebite" {curare, rPois}
  4137 | D:4      | Killed Sigmund
  4137 | D:4      | Reached skill level 5 in Maces & Flails
  4165 | D:4      | Reached XP level 7. HP: 49/54 MP: 7/7
  5047 | D:5      | Entered Level 5 of the Dungeon
  5058 | D:5      | Found a runed gate.
  5058 | D:5      | Found a runed gate.
  5059 | D:5      | Found a runed gate.
  5062 | D:5      | Noticed Jawreze's ghost (novice DsGl)
  5070 | D:5      | Found an opulent altar of Gozag.
  5137 | D:5      | Found a staircase to the Ecumenical Temple.
  5152 | Temple   | Entered the Ecumenical Temple
  5287 | D:5      | Found a glowing drain.
  5312 | D:5      | Reached skill level 5 in Fighting
  5312 | D:5      | Gained mutation: You are mostly covered in slimy green
                  | scales. (AC +3) [demonic ancestry]
  5312 | D:5      | Reached XP level 8. HP: 61/62 MP: 8/8
  5324 | Sewer    | Entered a sewer
  5421 | Sewer    | Found a white marble altar of Elyvilon.
  5873 | D:5      | Found a runed door.
  5903 | D:5      | Noticed Crazy Yiuf
  5908 | D:5      | Killed Crazy Yiuf
  6109 | D:6      | Found an ancient bone altar of Kikubaaqudgha.
  6257 | Temple   | Became a worshipper of Ashenzari the Shackled
  6649 | D:6      | Reached skill level 5 in Armour
  7219 | D:7      | Gained mutation: You sometimes gain power by taking damage.
                  | [demonic ancestry]
  7219 | D:7      | Reached XP level 9. HP: 64/69 MP: 9/9
  8109 | D:8      | Noticed a two-headed ogre
  8117 | D:8      | Killed a two-headed ogre
  8187 | D:8      | Noticed a two-headed ogre
  8193 | D:8      | Killed a two-headed ogre
  8193 | D:8      | Reached skill level 10 in Maces & Flails
  8193 | D:8      | Gained mutation: You have very sharp fingernails. [demonic
                  | ancestry]
  8193 | D:8      | Reached XP level 10. HP: 66/80 MP: 10/10
  8218 | D:8      | Found a glowing golden altar of the Shining One.
  8317 | D:9      | Found a staircase to the Orcish Mines.
  8642 | D:9      | Reached * piety under Ashenzari
  8721 | D:9      | Noticed Erolcha
  8728 | D:9      | Found a white marble altar of Elyvilon.
  8939 | D:9      | Killed Erolcha
  9070 | D:9      | Reached XP level 11. HP: 81/87 MP: 11/11
  9103 | D:9      | Noticed a three-headed hydra
  9104 | D:9      | Found the +8 glaive of the Guard {elec, +Rage AC+5 SInv}
  9115 | D:9      | Killed a three-headed hydra
  9433 | D:10     | Entered Level 10 of the Dungeon
  9530 | D:10     | Noticed an orc knight
  9574 | D:10     | Killed an orc knight
  9880 | D:10     | Noticed a two-headed ogre
  9892 | D:10     | Killed a two-headed ogre
 10435 | D:10     | Identified the ring of Odghasof {rC+ Int+7}
 10570 | D:11     | Noticed a red ugly thing
 10589 | D:10     | Killed a red ugly thing
 11003 | D:11     | Found a glowing silver altar of Zin.
 11035 | D:11     | Found a runed gate.
 11036 | D:11     | Found a runed gate.
 11038 | D:11     | Noticed eyesofgods1's ghost (journeyman DsGl)
 11042 | D:11     | Found a runed gate.
 11043 | D:11     | Found a roughly hewn altar of Beogh.
 11116 | D:11     | Found a staircase to the Lair.
 11423 | Lair:1   | Entered Level 1 of the Lair of Beasts
 11461 | Lair:1   | Reached skill level 10 in Fighting
 11834 | Lair:1   | Gained mutation: You have claws for hands. [demonic
                  | ancestry]
 11834 | Lair:1   | Reached XP level 12. HP: 92/97 MP: 12/12
 11879 | Lair:1   | Reached ** piety under Ashenzari
 11903 | Lair:1   | Found the ring of the Mage {Wiz MR++ Int+3}
 12991 | Lair:2   | Reached *** piety under Ashenzari
 13099 | Lair:2   | Noticed Urug
 13116 | Lair:2   | Killed Urug
 13337 | Lair:3   | Noticed Snorg
 13343 | Lair:3   | Killed Snorg
 13424 | Lair:3   | Noticed Rupert
 13427 | Lair:3   | Paralysed by Rupert for 7 turns
 13444 | Lair:3   | Killed Rupert
 13474 | Lair:3   | Noticed a death yak
 13474 | Lair:3   | Noticed a death yak
 13474 | Lair:3   | Noticed a death yak
 13475 | Lair:3   | Noticed a death yak
 13475 | Lair:3   | Noticed a death yak
 13480 | Lair:3   | Killed a death yak
 13491 | Lair:3   | Killed a death yak
 13500 | Lair:3   | Killed a death yak
 13511 | Lair:3   | Killed a death yak
 13723 | Lair:3   | Killed a death yak
 13730 | Lair:3   | Reached skill level 10 in Armour
 13831 | Lair:3   | Reached skill level 5 in Shields
 14398 | Lair:4   | Reached skill level 1 in Unarmed Combat
 14426 | Lair:4   | Found a staircase to the Snake Pit.
 14493 | Lair:4   | Reached XP level 13. HP: 90/106 MP: 13/13
 14687 | Lair:4   | Found a staircase to the Shoals.
 14739 | Lair:4   | Reached **** piety under Ashenzari
 15303 | Lair:5   | Reached skill level 2 in Unarmed Combat
 15340 | Lair:5   | Found a dark tunnel.
 15386 | Volcano  | Entered a volcano
 15828 | Volcano  | Found a burning altar of Makhleb.
 15857 | Volcano  | Reached skill level 3 in Unarmed Combat
 16270 | Volcano  | Identified the +9 hunting sling of Fortitude {flame, rN+
                  | MR+ SInv}
 17016 | Lair:5   | Found a runed door.
 17025 | Lair:5   | Noticed Jeis's ghost (journeyman CeWr)
 17250 | Lair:5   | Found a viscous altar of Jiyva.
 17250 | Lair:5   | Found a staircase to the Slime Pits.
 17428 | Lair:5   | Reached ***** piety under Ashenzari
 17444 | Lair:5   | Reached skill level 4 in Unarmed Combat
 18187 | Lair:5   | Killed Jeis's ghost
 18407 | Lair:6   | Entered Level 6 of the Lair of Beasts
 18658 | Lair:6   | Reached skill level 5 in Unarmed Combat
 19596 | Lair:6   | Reached skill level 6 in Unarmed Combat
 19980 | Lair:6   | Reached XP level 14. HP: 84/115 MP: 14/14
 20009 | Lair:6   | Found a runed door.
 20025 | Lair:6   | Paralysed by a hornet for 3 turns
 20236 | Lair:6   | Reached skill level 7 in Unarmed Combat
 21100 | Orc:1    | Entered Level 1 of the Orcish Mines
 21313 | Orc:2    | Entered Level 2 of the Orcish Mines
 21555 | Orc:2    | Found a roughly hewn altar of Beogh.
 21591 | Orc:2    | Found Sufav's Book Emporium.
 22024 | Orc:2    | Found a staircase to the Elven Halls.
 22043 | Orc:2    | Reached skill level 8 in Unarmed Combat
 22631 | Orc:2    | Found Jisor's General Store.
 22633 | Orc:2    | Found Inalu's Gadget Emporium.
 22635 | Orc:2    | Found Locvad's Distillery.
 22675 | Orc:2    | Bought a potion of haste for 150 gold pieces
 22683 | Orc:2    | Bought a potion of haste for 140 gold pieces
 22683 | Orc:2    | Bought a potion of curing for 42 gold pieces
 22683 | Orc:2    | Bought a potion of heal wounds for 70 gold pieces
 22683 | Orc:2    | Bought a potion of might for 56 gold pieces
 22683 | Orc:2    | Bought a potion of heal wounds for 70 gold pieces
 22683 | Orc:2    | Bought a potion of might for 56 gold pieces
 22683 | Orc:2    | Bought a potion of might for 56 gold pieces
 22683 | Orc:2    | Bought a potion of haste for 140 gold pieces
 23152 | Snake:1  | Entered Level 1 of the Snake Pit
 23313 | Snake:1  | Reached skill level 10 in Shields
 23560 | Snake:1  | Found a glowing golden altar of the Shining One.
 24063 | Snake:1  | Reached skill level 9 in Unarmed Combat
 24784 | Snake:1  | Reached skill level 10 in Unarmed Combat
 25284 | Snake:1  | Gained mutation: You are completely covered in slimy green
                  | scales. (AC +4, rPois) [demonic ancestry]
 25284 | Snake:1  | Reached XP level 15. HP: 104/123 MP: 15/15
 25845 | Snake:1  | Reached skill level 11 in Unarmed Combat
 26670 | Snake:1  | Reduced skill Maces & Flails to level 10
 26920 | Snake:2  | Reached skill level 12 in Unarmed Combat
 27513 | Snake:2  | Reached skill level 13 in Unarmed Combat
 28111 | Snake:2  | Reached skill level 14 in Unarmed Combat
 29342 | Snake:3  | Noticed a nagaraja
 29355 | Snake:3  | Killed a nagaraja
 29374 | Snake:3  | Noticed a nagaraja
 29392 | Snake:3  | Killed a nagaraja
 29948 | Snake:3  | Reached skill level 15 in Unarmed Combat
 29996 | Snake:3  | Reduced skill Maces & Flails to level 5
 30417 | Snake:3  | Found a radiant altar of Vehumet.
 30494 | Snake:3  | Noticed a nagaraja
 30618 | Snake:3  | Killed a nagaraja
 30683 | Snake:4  | Entered Level 4 of the Snake Pit
 31212 | Snake:4  | Found a deep blue altar of Sif Muna.
 31329 | Snake:4  | Gained mutation: Your flesh is cold resistant. (rC+)
                  | [demonic ancestry]
 31329 | Snake:4  | Reached XP level 16. HP: 97/132 MP: 16/16
 31435 | Snake:4  | Identified a scroll of acquirement
 32246 | Snake:4  | Reached skill level 16 in Unarmed Combat
 34357 | Snake:4  | Got a serpentine rune of Zot
 34611 | Snake:1  | Learned a level 6 spell: Statue Form
 34619 | Snake:1  | Learned a level 7 spell: Dragon Form
 34764 | Shoals:1 | Entered Level 1 of the Shoals
 35130 | Shoals:1 | Noticed Roxanne
 35160 | Shoals:1 | Reached skill level 1 in Transmutations
 35857 | Shoals:1 | Reached skill level 17 in Unarmed Combat
 36106 | Shoals:1 | Reduced skill Transmutations to level 1
 37187 | Shoals:2 | Reached skill level 5 in Dodging
 37399 | Shoals:3 | Reached XP level 17. HP: 135/140 MP: 15/17
 37754 | Shoals:3 | Reached skill level 15 in Fighting
 37877 | Shoals:3 | Noticed a kraken
 38279 | Shoals:3 | Killed a kraken
 38528 | Shoals:4 | Entered Level 4 of the Shoals
 38561 | Shoals:4 | Noticed a kraken
 38579 | Shoals:4 | Killed a kraken
 39894 | Shoals:4 | Got a barnacled rune of Zot
 40108 | D:12     | Found a runed door.
 40108 | D:12     | Noticed Ratty's ghost (journeyman MiFi)
 40736 | D:13     | Found a labyrinth entrance.
 40774 | Lab      | Entered a labyrinth
 41214 | D:13     | Reached skill level 18 in Unarmed Combat
 41472 | D:13     | Found Hosourgh's Gadget Shoppe.
 41475 | D:13     | Bought a wand of digging (5) for 306 gold pieces
 41475 | D:13     | Bought a wand of digging (4) for 272 gold pieces
 42430 | D:14     | Found a frozen archway.
 42495 | IceCv    | Entered an ice cave
 42964 | IceCv    | Found the +7 Singing Sword {slice, sonic wave}
 43025 | IceCv    | Identified the Guide on the Frostbite
 43739 | D:14     | Found a basalt altar of Yredelemnul.
 44424 | D:14     | Found a gate to the Vaults.
 44442 | Vaults:1 | Entered Level 1 of the Vaults
 44452 | Vaults:1 | Found Ipeariv's Assorted Antiques.
 44459 | Vaults:1 | Bought a scroll labeled JAUPITZ ILIBEPT for 27 gold pieces
 44586 | Vaults:1 | Reached ****** piety under Ashenzari
 44631 | Vaults:1 | Gained mutation: You regenerate magic rapidly. [demonic
                  | ancestry]
 44631 | Vaults:1 | Reached XP level 18. HP: 127/150 MP: 16/18
 46499 | Vaults:1 | Reached skill level 10 in Dodging
 47213 | Vaults:2 | Reached skill level 19 in Unarmed Combat
 47233 | Vaults:2 | Noticed Mennas
 47527 | D:15     | Entered Level 15 of the Dungeon
 47541 | D:15     | Found a shattered altar of Ashenzari.
 47775 | D:15     | Found a runed door.
 47776 | D:15     | Found a shimmering altar of Xom.
 47776 | D:15     | Noticed BeetlePuke's ghost (adept DsVM)
 47782 | D:15     | Found a staircase to the Depths.
 48760 | Depths:1 | Entered Level 1 of the Depths
 49353 | D:15     | Reached XP level 19. HP: 105/158 MP: 15/19
 49826 | Depths:1 | Noticed a lich
 50858 | Depths:1 | Found a gateway to Hell.
 51086 | Depths:1 | Found a one-way gate to the infinite horrors of the Abyss.
 52655 | Depths:2 | Reached skill level 20 in Unarmed Combat
 53049 | Depths:2 | Found a transporter.
 53050 | Depths:2 | Identified the ring "Pupirph" {Ice +Inv}
 53546 | Depths:2 | Found a transporter.
 54270 | Depths:3 | Identified the Collected Works on Twisted Creation
 54333 | Depths:3 | Found a gateway to a ziggurat.
 54422 | Depths:3 | Gained mutation: You are immune to freezing clouds.
                  | [demonic ancestry]
 54422 | Depths:3 | Reached XP level 20. HP: 105/168 MP: 20/20
 55140 | Depths:3 | Found Tinukyasurgh's Antique Weapon Shop.
 55166 | Depths:3 | Found Ejan's Jewellery Shop.
 55166 | Depths:3 | Found Loizirch's Gadget Emporium.
 55167 | Depths:3 | Found Zong's Gadget Emporium.
 55388 | Depths:3 | Bought an uncursed amulet of regeneration for 600 gold
                  | pieces
 55512 | Depths:3 | HP: 5/168 [white ugly thing (13)]
 55538 | Depths:3 | HP: 1/168 [daeva/divine providence (10)]
 55932 | Depths:3 | Found a one-way gate leading to the halls of Pandemonium.
 56406 | Depths:4 | Noticed a golden dragon
 56754 | Depths:4 | Identified the +4 ring mail "Acamp" {rCorr Int+7 Dex-4}
 57087 | Depths:4 | Gained mutation: Scrolls take you a little longer to read.
                  | [a neqoxec]
 57279 | Depths:4 | Lost mutation: Scrolls take you a little longer to read.
                  | [potion of mutation]
 57279 | Depths:4 | Gained mutation: Your magical capacity is low. (-10% MP)
                  | [potion of mutation]
 57279 | Depths:4 | Gained mutation: You are robust. (+10% HP) [potion of
                  | mutation]
 57279 | Depths:4 | Gained mutation: You expend magic power (3 MP) to
                  | strengthen your wands. [potion of mutation]
 57766 | Depths:5 | Entered Level 5 of the Depths
 57792 | Depths:5 | Reached skill level 21 in Unarmed Combat
 57817 | Depths:5 | Noticed Sojobo
 57920 | Depths:4 | Killed Sojobo
 58210 | Depths:5 | Gained mutation: You are powered by pain. [demonic
                  | ancestry]
 58210 | Depths:5 | Reached XP level 21. HP: 93/193 MP: 13/18
 58530 | Depths:5 | Noticed Margery
 58783 | Depths:5 | Noticed a golden dragon
 58798 | Depths:5 | Killed a golden dragon
 58802 | Depths:5 | Noticed Jory
 58834 | Depths:5 | Killed Jory
 59152 | Depths:5 | Found a gate to the Realm of Zot.
 59737 | Depths:5 | Killed Margery
 60209 | Depths:1 | Voluntarily entered the Abyss.
 60219 | Abyss:1  | Found a corrupted altar of Lugonu.
 60337 | Abyss:1  | Gained mutation: Your magical capacity is very low. (-20%
                  | MP) [a neqoxec]
 60606 | Depths:1 | Escaped the Abyss
 61024 | Slime:1  | Entered Level 1 of the Pits of Slime
 61073 | Slime:1  | Gained mutation: You are dopey. (Int -2) [a shining eye]
 61077 | Slime:1  | Gained mutation: You are weak. (Str -2) [a shining eye]
 61079 | Slime:1  | Gained mutation: Your magical capacity is extremely low.
                  | (-30% MP) [a shining eye]
 61082 | Slime:1  | Gained mutation: You are very weak. (Str -4) [a shining
                  | eye]
 61227 | Slime:1  | Lost mutation: You expend magic power (3 MP) to strengthen
                  | your wands. [potion of mutation]
 61227 | Slime:1  | Lost mutation: You are very weak. (Str -4) [potion of
                  | mutation]
 61227 | Slime:1  | Gained mutation: You occasionally shout uncontrollably at
                  | your foes. [potion of mutation]
 61227 | Slime:1  | Lost mutation: You are weak. (Str -2) [potion of mutation]
 61227 | Slime:1  | Gained mutation: Your flesh is heat resistant. (rF+)
                  | [potion of mutation]
 61227 | Slime:1  | Gained mutation: You are very robust. (+20% HP) [potion of
                  | mutation]
 61433 | Slime:1  | Lost mutation: Your flesh is heat resistant. (rF+) [potion
                  | of mutation]
 61433 | Slime:1  | Lost mutation: You are dopey. (Int -2) [potion of mutation]
 61433 | Slime:1  | Lost mutation: Your magical capacity is extremely low.
                  | (-30% MP) [potion of mutation]
 61433 | Slime:1  | Lost mutation: Your magical capacity is very low. (-20% MP)
                  | [potion of mutation]
 61433 | Slime:1  | Gained mutation: Your mind is acute. (Int +2) [potion of
                  | mutation]
 61433 | Slime:1  | Gained mutation: You have a pair of small horns on your
                  | head. [potion of mutation]
 61433 | Slime:1  | Gained mutation: You expend magic power (3 MP) to
                  | strengthen your wands. [potion of mutation]
 61434 | Slime:1  | Lost mutation: You have a pair of small horns on your head.
                  | [potion of mutation]
 61434 | Slime:1  | Lost mutation: You are very robust. (+20% HP) [potion of
                  | mutation]
 61434 | Slime:1  | Lost mutation: Your magical capacity is low. (-10% MP)
                  | [potion of mutation]
 61434 | Slime:1  | Lost mutation: Your mind is acute. (Int +2) [potion of
                  | mutation]
 61434 | Slime:1  | Gained mutation: Your natural rate of healing is unusually
                  | fast. [potion of mutation]
 61434 | Slime:1  | Gained mutation: You have sharp toenails. [potion of
                  | mutation]
 61616 | Slime:4  | Gained mutation: You are clumsy. (Dex -2) [a shining eye]
 61630 | Slime:3  | Lost mutation: You are robust. (+10% HP) [a shining eye]
 61658 | Slime:3  | Lost mutation: You are clumsy. (Dex -2) [potion of
                  | mutation]
 61658 | Slime:3  | Lost mutation: You expend magic power (3 MP) to strengthen
                  | your wands. [potion of mutation]
 61658 | Slime:3  | Lost mutation: Your natural rate of healing is unusually
                  | fast. [potion of mutation]
 61658 | Slime:3  | Gained mutation: You tend to lose your temper in combat.
                  | [potion of mutation]
 61658 | Slime:3  | Gained mutation: You expend magic power (3 MP) to
                  | strengthen your wands. [potion of mutation]
 61659 | Slime:3  | Lost mutation: You tend to lose your temper in combat.
                  | [potion of mutation]
 61659 | Slime:3  | Lost mutation: You have sharp toenails. [potion of
                  | mutation]
 61659 | Slime:3  | Lost mutation: You expend magic power (3 MP) to strengthen
                  | your wands. [potion of mutation]
 61659 | Slime:3  | Gained mutation: Armour fits poorly on your strangely
                  | shaped body. [potion of mutation]
 61659 | Slime:3  | Gained mutation: You are occasionally teleported next to
                  | monsters. [potion of mutation]
 61659 | Slime:3  | Gained mutation: Your flesh is heat resistant. (rF+)
                  | [potion of mutation]
 61660 | Slime:3  | Lost mutation: Your flesh is heat resistant. (rF+) [potion
                  | of mutation]
 61660 | Slime:3  | Lost mutation: Armour fits poorly on your strangely shaped
                  | body. [potion of mutation]
 61660 | Slime:3  | Lost mutation: You occasionally shout uncontrollably at
                  | your foes. [potion of mutation]
 61660 | Slime:3  | Lost mutation: You are occasionally teleported next to
                  | monsters. [potion of mutation]
 61660 | Slime:3  | Gained mutation: Scrolls take you a little longer to read.
                  | [potion of mutation]
 61660 | Slime:3  | Gained mutation: Your skin changes colour to match your
                  | surroundings (Stealth+). [potion of mutation]
 61660 | Slime:3  | Gained mutation: You have sharp toenails. [potion of
                  | mutation]
 62238 | Slime:5  | Entered Level 5 of the Pits of Slime
 62264 | Slime:5  | Noticed the Royal Jelly
 62471 | Slime:5  | Reached skill level 22 in Unarmed Combat
 62481 | Slime:5  | Reached XP level 22. HP: 146/185 MP: 13/22
 62498 | Slime:5  | Identified the ring "Rourik" {rPois rC++ MP+9 Stlth+}
 62500 | Slime:5  | Found a viscous altar of Jiyva.
 62508 | Slime:5  | HP: 7/185 [acid[the Royal Jelly] (14)]
 62509 | Slime:5  | Demolished by the Royal Jelly

Vault maps used:
D:1:      onia_arrival_larder
D:2:      cheibrodos_fertilizer, lemuel_zombie_altar_kikubaaqudgha,
          corner_web_ring, serial_bayou_pond_c
D:3:      kennysheep_goblin_castle, grunt_qazlal_clouds,
          chequers_decorated_corner
D:4:      minmay_fire_ice_demons, uniq_ijyb, uniq_sigmund
D:5:      minmay_temple_entry_statues_pillars, ebering_ghost_gozag,
          cheibrodos_sewer_entry_drain, first_ration, roderic_batcave,
          uniq_crazy_yiuf_cottage
D:6:      tgw_kikubaaqudgha
D:8:      tso_altar, uniq_harold
D:9:      old_standard_altar, orc_david_3, hangedman_ranch, uniq_erolcha
D:10:     minmay_the_grid_four_pointed_star_mashed
D:11:     lair_entry_dummy, biasface_ghost_orc_armoury, basic_altar
D:12:     gammafunk_ghost_grave
D:13:     lab_entry_generic, serial_shops, kennysheep_mini_moat, minivault_16
D:14:     david_vaults_4, portal_ice_cave_entry_imps, nicolae_two_hexagons,
          lemuel_mausoleum_altar_yredelemnul
D:15:     grunt_enter_depths_giant_problem, ebering_ghost_xom, ashenzari_altar_1
Temple:   regret_index_temple_mists
Lair:2:   minivault_11, chequers_serial_rivers_micro_d, uniq_urug
Lair:3:   uniq_snorg, uniq_rupert
Lair:4:   minmay_shoals_entry_hut, guppyfry_snake_entry_island
Lair:5:   slime_altar_1, ebering_ghost_reflecting_pool,
          nicolae_volcano_entry_two_sided
Lair:6:   wormcave, hangedman_lair_caniforms_friends
Shoals:1: nicolae_shoals_flooded_hall, uniq_roxanne
Shoals:3: nicolae_shoals_aquamancer_cove
Shoals:4: shoals_end_simple, shoals_ilsuiw_alternative,
          nicolae_shoals_square_sea_wall, nicolae_shoals_kraken_intersection
Snake:1:  basic_altar
Snake:2:  serial_bayou_ford_a, lemuel_fruit_tree
Snake:3:  basic_altar
Snake:4:  snake_pit, basic_altar
Slime:3:  cheibrodos_slime_lost_civilization_9, basic_altar,
          nicolae_slime_welcoming_committee
Slime:4:  basic_altar, nicolae_slime_ancient_tower_intersection
Slime:5:  uniq_dissolution
Orc:1:    basic_altar
Orc:2:    st_orc_elflike, basic_altar, guppyfry_library_mini
Vaults:1: ontoclasm_vaults_shuriken, vaults_dpeg_hooks, grunt_vaults_bifocal,
          vaults_room_grunt_arrival_ludios, nicolae_vaults_hallways_thing,
          v_misc_28, vaults_room_door_hall,
          vaults_standard_mumra_enter_the_diamond, vaults_dpeg_encased_lava,
          serial_shops, shop
Vaults:2: sword_in_stone, vaults_room_pool, vaults_dpeg_ring,
          vaults_room_ringed_pool, v_misc_23, v_pattern_5, grunt_vaults_funnel,
          v_misc_11, v_misc_14, v_misc_25, ontoclasm_vaults_spin,
          nicolae_vaults_specimen_jars, hangedman_vaults_stretched_pinwheel,
          v_misc_14, ontoclasm_vaults_decontamination, uniq_mennas
Depths:1: hellmouth_3, columned_hall_lemuel, abyss_entry_small_statue_room,
          kennysheep_kite_vault, serial_bayou_shore_a
Depths:2: gammafunk_jiyva_shrine, nrook_mini_backslash, hell_entry
Depths:3: minmay_ambush_box, enter_ziggurat_c, serial_shops,
          nicolae_shop_behind_doors, hangedman_decor_peaks_small,
          rand_demon_pan_entry_3, grunt_mini_vestibule, minmay_shop_grove,
          infiniplex_staircase_pillars_3a
Depths:4: radiant_caverns_a_rkd, abyss_entry, serial_shops, hell_entry
Depths:5: grunt_crosshair, grunt_hell_entry_dis_grunt, skrybe_limestone_x,
          uniq_margery, uniq_sojobo, uniq_jory
Abyss:2:  guppyfry_abyss_exit_glass_guarded
Lab:      nicolae_lab_grate_2, nicolae_lab_starburst, lab_fountain,
          labyrinth_fake_exit, labyrinth_lava_lair
Sewer:    sewer_kobolds
IceCv:    ice_cave_caverns_01
Volcano:  volcano_lake

Skill      XL: |  1  2  3  4  5  6  7  8  9 10 11 12 13 14 15 16 17 18 19 20 21 |
---------------+----------------------------------------------------------------+-----
Throwing       | 2 |  2.0
Maces & Flails | 3 4 5 6 8 10 11 12 3 |  3.5
Armour         | 1 2 3 5 6 7 9 10 11 13 | 13.7
Fighting       | 3 4 5 6 7 8 10 11 12 13 14 15 16 17 18 | 18.4
Dodging        | 4 5 8 11 13 | 13.6
Shields        | 5 8 10 12 | 12.7
Unarmed Combat | 1 6 10 15 17 18 19 20 21 22 | 22.0
Transmutations | 0 |  0.0

Action                   |  1- 3 |  4- 6 |  7- 9 | 10-12 | 13-15 | 16-18 | 19-21 | 22-24 || total
-------------------------+-------+-------+-------+-------+-------+-------+-------+-------++-------
Melee: Flail             |   123 |   101 |       |       |       |       |       |       ||   224
       Dagger            |    26 |   136 |       |       |       |       |       |       ||   162
       Whip              |       |    13 |   399 |   760 |  1504 |       |       |       ||  2676
       Punch             |       |       |       |       |     1 |       |       |       ||     1
       Unarmed           |       |       |       |       |   711 |  2457 |  2087 |     8 ||  5263
Invok: Curse Item        |       |       |     2 |     1 |     4 |       |     1 |       ||     8
       Transfer Knowledg |       |       |       |       |     3 |     1 |       |       ||     4
Evoke: Wand              |       |       |       |       |    44 |    27 |     6 |       ||    77
  Use: Potion            |     1 |     3 |       |     3 |     8 |    13 |    18 |     4 ||    50
       Scroll            |       |     9 |     9 |     5 |    16 |    20 |     8 |     1 ||    68
 Stab: Distracted        |       |       |       |       |     2 |     1 |       |       ||     3
       Paralysed         |       |       |       |       |       |     2 |       |       ||     2
       Fleeing           |       |       |       |       |       |     1 |       |       ||     1
  Eat: Chunk             |     3 |     3 |     4 |     4 |    16 |    16 |     9 |       ||    55
       Ration            |       |     2 |     2 |     5 |    11 |    14 |     9 |     1 ||    44
Armor: Plate armour      |   144 |   223 |   255 |   423 |   105 |       |       |       ||  1150
       Ring mail         |     1 |       |       |       |       |       |       |       ||     1
       Fire dragon scale |       |       |       |       |   580 |   769 |   501 |     4 ||  1854
Dodge: Dodged            |    51 |    87 |    94 |   188 |   660 |   928 |   895 |     5 ||  2908
Block: Buckler           |       |       |       |       |   110 |       |       |       ||   110
       Shield            |       |       |       |       |   756 |    79 |       |       ||   835
       Large shield      |       |       |       |       |       |  2446 |  1858 |    10 ||  4314

Table legend:
 A = Non-vault XP
 B = Vault XP
 C = Vault XP percentage of total XP
 D = Non-vault monster count
 E = Vault monster count
 F = Vault count percentage of total count
                 A         B        C        D         E       F
            +---------+---------+-------+---------+---------+-------
      Total |  428887 |  279674 |  39.5 |    1063 |     595 |  35.9
            +---------+---------+-------+---------+---------+-------
        D:1 |      37 |      13 |  26.0 |      19 |       5 |  20.8
        D:2 |      66 |      89 |  57.4 |      22 |      15 |  40.5
        D:3 |      82 |      59 |  41.8 |      14 |      12 |  46.2
        D:4 |     331 |     329 |  49.8 |      19 |       4 |  17.4
        D:5 |     755 |      62 |   7.6 |      26 |      12 |  31.6
        D:6 |     807 |       0 |   0.0 |      17 |       0 |   0.0
        D:7 |     795 |       0 |   0.0 |      15 |       0 |   0.0
        D:8 |    3288 |       0 |   0.0 |      41 |       0 |   0.0
        D:9 |    2241 |    3343 |  59.9 |      25 |      15 |  37.5
       D:10 |    2445 |    3067 |  55.6 |      18 |      13 |  41.9
       D:11 |    2033 |       0 |   0.0 |      22 |       0 |   0.0
       D:12 |    7511 |       0 |   0.0 |      37 |       0 |   0.0
       D:13 |    4655 |     692 |  12.9 |      22 |       1 |   4.3
       D:14 |   11698 |    3001 |  20.4 |      27 |      27 |  50.0
       D:15 |   16793 |    6912 |  29.2 |      31 |       5 |  13.9
     Lair:1 |    1148 |    1737 |  60.2 |       8 |      24 |  75.0
     Lair:2 |    1399 |     835 |  37.4 |       6 |       1 |  14.3
     Lair:3 |    7290 |    4202 |  36.6 |      20 |       2 |   9.1
     Lair:4 |    1458 |     413 |  22.1 |       8 |       2 |  20.0
     Lair:5 |    5596 |    1205 |  17.7 |      25 |       1 |   3.8
     Lair:6 |    6685 |   17354 |  72.2 |      29 |      74 |  71.8
   Shoals:1 |   12307 |    4629 |  27.3 |      27 |      10 |  27.0
   Shoals:2 |    8981 |    1207 |  11.8 |      18 |       2 |  10.0
   Shoals:3 |   13283 |    8207 |  38.2 |      21 |       9 |  30.0
   Shoals:4 |    2307 |    5803 |  71.6 |       5 |       6 |  54.5
    Snake:1 |   25305 |       0 |   0.0 |      44 |       0 |   0.0
    Snake:2 |   16205 |       0 |   0.0 |      35 |       0 |   0.0
    Snake:3 |   20827 |       0 |   0.0 |      36 |       0 |   0.0
    Snake:4 |    9564 |   31983 |  77.0 |      21 |      46 |  68.7
    Slime:1 |    7353 |       0 |   0.0 |      13 |       0 |   0.0
    Slime:2 |    5471 |       0 |   0.0 |      13 |       0 |   0.0
    Slime:3 |    6192 |       0 |   0.0 |      10 |       0 |   0.0
    Slime:4 |   13702 |       0 |   0.0 |      17 |       0 |   0.0
    Slime:5 |    2975 |    4898 |  62.2 |       4 |       4 |  50.0
      Orc:1 |     207 |    1121 |  84.4 |       6 |       2 |  25.0
      Orc:2 |    2962 |    7469 |  71.6 |      38 |      31 |  44.9
   Vaults:1 |   28416 |    7909 |  21.8 |      64 |      11 |  14.7
   Vaults:2 |   11621 |   12376 |  51.6 |      26 |      18 |  40.9
   Depths:1 |   35367 |   12954 |  26.8 |      50 |      25 |  33.3
   Depths:2 |   33361 |    8948 |  21.1 |      48 |       5 |   9.4
   Depths:3 |   32390 |    7914 |  19.6 |      40 |       9 |  18.4
   Depths:4 |   10704 |   63750 |  85.6 |      12 |      87 |  87.9
   Depths:5 |   37144 |   39349 |  51.4 |      34 |      28 |  45.2
    Abyss:1 |   11101 |       0 |   0.0 |      25 |       0 |   0.0
    Abyss:2 |    2768 |       0 |   0.0 |       4 |       0 |   0.0
        Lab |    1261 |     186 |  12.9 |       1 |       4 |  80.0
      Sewer |       0 |     108 | 100.0 |       0 |      10 | 100.0
      IceCv |       0 |   13280 | 100.0 |       0 |      54 | 100.0
    Volcano |       0 |    4270 | 100.0 |       0 |      21 | 100.0
            +---------+---------+-------+---------+---------+-------
